 Dungeon Crawl Stone Soup version 0.30.1-4-g462c640d31 (webtiles) character file.

Game seed: 4107413400832194096

293 Zeor the Gusty (level 6, -6/35 HPs)
             Began as a Tengu Air Elementalist on Aug 20, 2023.
             Killed by divine providence
             ... invoked by an orc priest
              (14 damage)
             ... on level 3 of the Dungeon.
             The game lasted 00:08:33 (2440 turns).

Zeor the Gusty (Tengu Air Elementalist)             Turns: 2440, Time: 00:08:34

Health: -6/35      AC:  4    Str:  9    XL:     6   Next: 33%
Magic:  3/11       EV: 14    Int: 17    God:
Gold:   77         SH:  0    Dex: 14    Spells: 0/10 levels left

rFire   . . .        e - +2 short sword (venom)
rCold   . . .        (no shield)
rNeg    . . .        d - +0 leather armour
rPois   .            (helmet restricted)
rElec   .            (no cloak)
rCorr   .            a - +0 pair of gloves
SInv    .            (boots unavailable)
Will    .....        (no amulet)
Stlth   ++           (no ring)
HPRegen 0.25/turn    (no ring)
MPRegen 0.12/turn

%: no passive effects
@: flying quickly and evasively, very slightly contaminated, quick
A: beak, talons 3, nimble flight
a: no special abilities


You were on level 3 of the Dungeon.
You visited 1 branch of the dungeon, and saw 3 of its levels.

You collected 77 gold pieces.

Inventory:

Hand Weapons
 e - a +2 short sword of venom (weapon)
Armour
 a - a +0 pair of gloves (worn)
 d - a +0 leather armour (worn)
Scrolls
 f - 2 scrolls of teleportation
Potions
 b - a potion of magic
 c - a potion of attraction {unknown}


   Skills:
 * Level 2.2 Fighting
 + Level 2.3 Short Blades
 + Level 1.8 Armour
 + Level 3.0 Dodging
 + Level 2.6 Stealth
 + Level 2.7 Spellcasting
 + Level 2.3 Conjurations
 + Level 5.4 Air Magic


You couldn't memorise any spells.
You knew the following spells:

 Your Spells              Type           Power      Damage    Failure   Level
a - Airstrike             Air            10%        2d(2-18)  26%         4
d - Static Discharge      Conj/Air       30%        2-4/arc   8%          2
f - Swiftness             Air            20%        N/A       8%          3
s - Shock                 Conj/Air       60%        1d6       4%          1

Your spell library contained the following spells:

 Spells                   Type           Power      Damage    Failure   Level


Dungeon Overview and Level Annotations

Branches:
Dungeon (3/15)

Altars:
Cheibriados
Dithmenos
Elyvilon
Fedhas
Kikubaaqudgha
Qazlal
Ru


Innate Abilities, Weirdness & Mutations

You have a beak for a mouth.
You have claws for feet.
Your magical nature lets you fly swiftly and evasively.


Message History

Confirm with . or Enter, or press ? or * to list all spells.
The orc is struck by an arc of lightning.
You kill the orc!
The orc priest is struck by an arc of lightning.
The orc priest is moderately wounded.
The lightning grounds out.
The orc priest is struck by an arc of lightning.
The orc priest is heavily wounded.
You are struck by an arc of lightning.
The orc priest is struck by an arc of lightning.
The orc priest is heavily wounded.
The lightning grounds out.
The orc priest mumbles some strange prayers to Beogh against you.
Pain shoots through your body!
You closely miss the orc priest. Your kick misses the orc priest.
Your peck misses the orc priest.
The orc priest is heavily wounded.
The orc barely misses you. The orc priest hits you with a +0 mace.
Casting: Static Discharge (safe; 8% risk of failure)
Confirm with . or Enter, or press ? or * to list all spells.
You miscast Static Discharge.
You are very lightly contaminated with residual magic.
Nothing appears to happen.
The orc hits you with a +0 hand axe. The orc priest hits you with a +0 mace.
The goblin completely misses you.
Casting: Static Discharge (safe; 8% risk of failure)
Confirm with . or Enter, or press ? or * to list all spells.
The orc is struck by an arc of lightning.
You kill the orc!
The goblin is struck by an arc of lightning.
The goblin is severely wounded.
You are struck by an arc of lightning.
The lightning grounds out.
The orc priest hits you with a +0 mace.
* * * LOW HITPOINT WARNING * * *
The goblin barely misses you.
You hit the orc priest but do no damage.
The orc priest is poisoned.
You peck the orc priest.
The orc priest is severely wounded.
The orc priest mumbles some strange prayers to Beogh against you.
Beogh smites you!
You die...

·░ ▒∙▒▒▒▒▒∙∙∙∙∙∙∙░░∙▒▒∙▒
·░▒▒▒▒▒▒∙▒ ░∙▒▒▒∙∙∙∙·∙▒▒∙░
·░▒∙∙∙∙∙∙▒ ░∙▒ ▒∙▒∙▒░·░▒∙▒▒▒▒▒▒
·░▒∙▒∙∙∙∙▒ ░∙▒ ░∙▒·▒░·▒▒∙∙∙∙∙∙▒
·░░·▒∙▒▒∙▒▒▒▒▒∙▒░▒∙▒∙▒░∙∙∙∙∙∙∙∙∙∙
·░░·▒∙░▒†∙∙∙∙∙∙▒░∙∙∙·∙∙·∙∙∙∙∙∙∙∙∙
·░·∙∙∙▒▒▒∙▒∙▒∙▒▒▒∙▒▒∙▒▒∙∙▒▒▒▒∙▒∙▒
··░∙▒∙∙∙∙∙∙∙∙∙∙)∙$∙∙∙∙∙∙∙∙∙∙∙∙∙∙∙
··∙∙∙∙∙∙∙∙▒∙▒▒▒▒Qg▒▒∙▒▒·▒∙▒▒▒∙∙∙▒
░·∙▒∙∙▒▒▒▒▒∙▒░░▒)o∙∙?∙∙∙░·░ ▒∙▒▒▒
░░∙∙∙░░ ▒∙∙··∙∙∙∙∙∙▒▒∙░·░ ▒∙▒▒▒
░▒∙░░ ▒▒▒▒▒▒∙∙▒▒▒▒▒∙▒∙▒▒▒∙∙∙∙ ▒·░
░░░░░▒∙▒▒░░░▒∙∙∙∙∙∙∙∙▒▒ ░·░
░····∙∙∙·····∙▒∙▒▒▒∙∙▒▒ ░·░
░·░░░▒∙▒░░░░░░░·░ ▒∙∙▒ ░·░ ░·░
▒∙▒ ░·░ ▒∙∙▒ ░·░ ░·░ ░·░ ░·░ ▒∙∙▒


You could see an orc priest (very poisoned) and a goblin.

Vanquished Creatures
  Sigmund (D:3)
  An orc priest (D:3)
  3 adders
  5 dart slugs
  6 orcs (D:3)
  3 endoplasms
  3 giant cockroaches
  2 goblins (D:2)
  5 hobgoblins
  5 jackals
  3 quokkas
  5 ball pythons
  A bat (D:2)
  3 frilled lizards
  A kobold (D:1)
  4 rats
51 creatures vanquished.

Notes
Turn   | Place    | Note
-------+----------+-------------------------------------------
     0 | D:1      | Zeor the Tengu Air Elementalist began the quest for the
                  | Orb.
     0 | D:1      | Reached XP level 1. HP: 10/10 MP: 4/4
   322 | D:1      | Reached XP level 2. HP: 8/15 MP: 4/6
  1109 | D:2      | Reached XP level 3. HP: 19/19 MP: 2/7
  1221 | D:2      | Learned a level 2 spell: Static Discharge
  1225 | D:2      | Learned a level 3 spell: Swiftness
  1374 | D:2      | Reached skill level 5 in Air Magic
  1595 | D:2      | Reached skill level 1 in Fighting
  1595 | D:2      | Reached XP level 4. HP: 17/25 MP: 8/8
  1910 | D:3      | Found a stormy altar of Qazlal.
  1910 | D:3      | Found an ancient bone altar of Kikubaaqudgha.
  1910 | D:3      | Noticed Sigmund
  1916 | D:3      | Found a snail-covered altar of Cheibriados.
  1916 | D:3      | Found a blossoming altar of Fedhas.
  1917 | D:3      | Found a sacrificial altar of Ru.
  1918 | D:3      | Found a shadowy altar of Dithmenos.
  1925 | D:3      | Killed Sigmund
  1926 | D:3      | Reached skill level 1 in Short Blades
  1926 | D:3      | Reached skill level 1 in Armour
  1926 | D:3      | Gained mutation: Your magical nature lets you fly swiftly
                  | and evasively. [Tengu growth]
  1926 | D:3      | Reached XP level 5. HP: 10/30 MP: 4/10
  1926 | D:3      | Reached XP level 6. HP: 12/35 MP: 4/11
  2058 | D:3      | Learned a level 4 spell: Airstrike
  2333 | D:3      | Found a white marble altar of Elyvilon.
  2440 | D:3      | Killed from afar by an orc priest

Illustrated notes

Levels and vault maps discovered:
D:1:      saegor_arrival_simple_e, layout_basic
D:2:      layout_basic
D:3:      layout_loops_ring, lemuel_doored_altar, grunt_temple_overflow_open,
          uniq_sigmund

Skill      XL: |  1  2  3  4  5  6 |
---------------+-------------------+-----
Air Magic      | 5 |  5.4
Fighting       | 1 2 |  2.2
Short Blades   | 1 2 |  2.3
Armour         | 1 |  1.8
Dodging        | 3 |  3.0
Conjurations   | 2 |  2.3
Stealth        | |  2.6
Spellcasting   | |  2.7

Action                     |  1- 3 |  4- 6 || total
---------------------------+-------+-------++-------
  Melee: Short sword       |    43 |    31 ||    74
         Kick              |     8 |    13 ||    21
         Peck              |     4 |     6 ||    10
         Unarmed           |     1 |       ||     1
         Punch             |     1 |       ||     1
   Cast: Shock             |    39 |     3 ||    42
         Static Discharge  |     3 |     8 ||    11
         Airstrike         |       |     1 ||     1
    Use: Scroll            |     5 |     2 ||     7
   Stab: Sleeping          |     1 |     1 ||     2
 Armour: Robe              |     1 |       ||     1
         Leather armour    |    10 |     3 ||    13
  Dodge: Dodged            |    46 |    22 ||    68
